 Dungeon Crawl Stone Soup version 0.19-a0-1206-g6bcb79c (webtiles) character file.

1218 amanita the Slicer (level 8, -15/42 HPs)
             Began as a Vine Stalker Fighter on Aug 21, 2016.
             Was a Follower of Uskayaw.
             Shot with an arrow by a centaur warrior (19 damage)
             ... on level 8 of the Dungeon.
             The game lasted 00:22:33 (1607 turns).

amanita the Slicer (Vine Stalker Fighter)           Turns: 1607, Time: 00:22:33

Health: -15/42     AC:  9    Str: 19    XL:     8   Next: 46%
Magic:  0/10       EV:  8    Int:  8    God:    Uskayaw [*.....]
Gold:   113        SH: 10    Dex: 19    Spells: 0 memorised, 7 levels left

rFire  . . .     SeeInvis .     a - +0 rapier
rCold  . . .     Gourm    .     z - +3 ring mail of the Slorg {Slay+2 Stlth+}
rNeg   . . .     Faith    .     c - +0 shield
rPois  .         Spirit   +     (no helmet)
rElec  .         Dismiss  .     (no cloak)
rCorr  .         Reflect  .     l - +0 pair of gloves
MR     +....     Harm     .     (no boots)
Stlth  ++........               (no amulet)
                                (no ring)
                                D - +3 ring of dexterity

@: very slightly contaminated, hasted (expiring), very quick
A: fangs 3, regeneration 1, magic shield, antimagic bite, no device heal 3, rot
immunity
a: Stomp, Renounce Religion


You were on level 8 of the Dungeon.
You worshipped Uskayaw.
Uskayaw was noncommittal.
You were hungry.

You visited 2 branches of the dungeon, and saw 9 of its levels.
You also visited: Sewer.

You collected 113 gold pieces.

Inventory:

Hand Weapons
 a - a +0 rapier (weapon)
Armour
 c - a +0 shield (worn)
 l - a +0 pair of gloves (worn)
 z - the +3 ring mail of the Slorg (worn) {Slay+2 Stlth+}
   (You found it on level 5 of the Dungeon)

   It affects your accuracy and damage with ranged weapons and melee attacks
   (+2).
   It makes you more stealthy.
Jewellery
 D - a +3 ring of dexterity (left hand)
Wands
 b - a wand of iceblast (8/15)
 e - a wand of lightning (2/15)
Scrolls
 d - a scroll of remove curse
 h - a scroll of blinking {unknown}
 i - a scroll of teleportation {unknown}
 j - a scroll of random uselessness {unknown}
 n - 3 scrolls of fear {unknown}
 o - a scroll of magic mapping
 u - a scroll of recharging {unknown}
 w - a scroll of amnesia {unknown}
 x - a scroll of immolation {unknown}
 B - 2 scrolls of enchant weapon {unknown}
Potions
 g - a potion of haste
 k - 2 potions of brilliance
 m - 2 potions of resistance
 p - 2 potions of ambrosia
 t - a potion of lignification
 v - 2 potions of curing
Books
 A - a Young Poisoner's Handbook

   Spells                             Type                      Level
   a - Sting                          Conjuration/Poison           1
   b - Mephitic Cloud                 Conjuration/Poison/Air       3
   c - Olgreb's Toxic Radiance        Poison                       4
   d - Alistair's Intoxication        Transmutation/Poison         5
   e - Venom Bolt                     Conjuration/Poison           5
Comestibles
 f - 3 bread rations
 q - a beef jerky
 r - a royal jelly
 s - 4 meat rations


   Skills:
 + Level 4.0 Fighting
 * Level 8.2 Short Blades
 - Level 2.4 Armour
 + Level 3.1 Shields
 - Level 2.2 Invocations


You had 7 spell levels left.
You didn't know any spells.

Dungeon Overview and Level Annotations

Branches:
Dungeon (8/15)             Temple (1/1) D:4
   Lair: D:8-11

Altars:
Dithmenos
Elyvilon
Gozag
Okawaru
Ru
Sif Muna
Uskayaw
Vehumet

Shops:
D:4 *   D:6 [   D:7 (


Innate Abilities, Weirdness & Mutations

You have razor-sharp teeth.
Your natural rate of healing is unusually fast.
When hurt, damage is shared between your health and your magic reserves.
Your bite disrupts and absorbs the magic of your enemies.
Potions and wands cannot restore your health.
You are immune to rotting.


Message History

The tengu warrior seems less confused.
The tengu warrior hits you but does no damage.
You block the tengu warrior's attack. The tengu warrior claws you.
* * * LOW HITPOINT WARNING * * *
The tengu warrior blocks your attack.
You bite the tengu warrior, but do no damage.
The tengu warrior is heavily wounded.
You closely miss the tengu warrior. Your bite misses the tengu warrior.
The tengu warrior is heavily wounded.
Your extra speed is starting to run out.
The tengu warrior hits you with a war axe of freezing.
* * * LOW HITPOINT WARNING * * *
The tengu warrior freezes you.
* * * LOW HITPOINT WARNING * * *
The tengu warrior pecks you but does no damage.
The tengu warrior claws you.
* * * LOW HITPOINT WARNING * * *
The centaur warrior wields a runed shortbow.
It bursts into flame!
The centaur warrior shoots an arrow.
The arrow hits you!!
You die...

. ##.##.#........
#.._.#%..8....##)###
#....#$....##.##.#..
#...c#$....##.##.#.#
#.._.#$..8..#.##.#.#
#....##.##....##.#.#
⌠.⌠####..##.##.#.#
#.####'###...##.##.#.#
#....@.Q.....##.##.#.#
###############.##.#.#
#....#.. #.####.# ###
###


You could see a tengu warrior and a centaur warrior.

Vanquished Creatures
  A meliai (D:8)
  Menkaure (D:7)
  An orc warrior (D:7)
  A black bear (D:5)
  2 giant frogs
  Blork the orc (D:4)
  A crimson imp (D:5)
  8 orc priests
  An iguana (D:6)
  4 orc wizards
  An adder (D:6)
  A river rat (D:5)
  A shadow imp (D:8)
  An adder skeleton (D:6)
  A dart slug (D:1)
  5 giant geckos
  23 orcs
  3 bats
  7 giant cockroaches (Sewer)
  A goblin (D:1)
  A hobgoblin (D:1)
  A ball python skeleton (D:5)
  A giant gecko zombie (D:5)
  7 giant newts
  7 rats
82 creatures vanquished.

Notes
Turn   | Place    | Note
-------+----------+-------------------------------------------
     0 | D:1      | amanita the Vine Stalker Fighter began the quest for the Orb.
     0 | D:1      | Reached XP level 1. HP: 11/11 MP: 2/2
     6 | D:1      | Reached skill level 2 in Short Blades
   105 | D:1      | Reached XP level 2. HP: 10/16 MP: 3/3
   325 | D:3      | Reached skill level 3 in Short Blades
   325 | D:3      | Reached XP level 3. HP: 14/19 MP: 4/4
   332 | D:3      | Gained mutation: Your natural rate of healing is unusually fast. [Vine Stalker growth]
   332 | D:3      | Reached XP level 4. HP: 7/23 MP: 2/5
   358 | D:3      | Reached skill level 4 in Short Blades
   486 | D:4      | Found an opulent altar of Gozag.
   486 | D:4      | Noticed Blork the orc
   490 | D:4      | Killed Blork the orc
   490 | D:4      | Reached XP level 5. HP: 27/27 MP: 6/6
   493 | D:4      | Found Gozag's Platinum Reserve.
   537 | D:4      | Reached skill level 5 in Short Blades
   648 | D:4      | Reached XP level 6. HP: 15/32 MP: 7/7
   679 | D:4      | Found a staircase to the Ecumenical Temple.
   685 | Temple   | Entered the Ecumenical Temple
   694 | Temple   | Became a worshipper of Uskayaw the Reveler
   733 | D:5      | Entered Level 5 of the Dungeon
   749 | D:5      | Reached * piety under Uskayaw
   750 | D:5      | Noticed a black bear
   753 | D:5      | Reached ** piety under Uskayaw
   756 | D:5      | Reached *** piety under Uskayaw
   758 | D:5      | Killed a black bear
   758 | D:5      | Reached skill level 6 in Short Blades
   758 | D:5      | Reached **** piety under Uskayaw
   782 | D:5      | Found a glowing drain.
   812 | Sewer    | Entered a sewer
  1033 | Sewer    | Reached XP level 7. HP: 34/35 MP: 8/8
  1084 | D:5      | Reached skill level 7 in Short Blades
  1140 | D:5      | Got a distressingly furry ring mail
  1151 | D:5      | Identified the +3 ring mail of the Slorg {Slay+2 Stlth+} (You found it on level 5 of the Dungeon)
  1296 | D:6      | Reached skill level 1 in Invocations
  1314 | D:6      | Found Cuduarom's Armour Shoppe.
  1350 | D:7      | Found Dosmawn's Antique Weapon Shoppe.
  1441 | D:7      | Gained mutation: You have razor-sharp teeth. [Vine Stalker growth]
  1441 | D:7      | Reached XP level 8. HP: 17/40 MP: 4/10
  1473 | D:7      | Noticed Menkaure
  1479 | D:7      | Killed Menkaure
  1549 | D:8      | Noticed a meliai
  1550 | D:8      | Noticed a centaur warrior
  1561 | D:8      | Killed a meliai
  1561 | D:8      | Reached skill level 8 in Short Blades
  1577 | D:8      | Found an iron altar of Okawaru.
  1582 | D:8      | Found a deep blue altar of Sif Muna.
  1583 | D:8      | Noticed a tengu warrior
  1607 | D:8      | Shot with an arrow by a centaur warrior

Vault maps used:
D:1:      dpeg_arrival_refuge
D:2:      first_bread, uniq_robin
D:4:      zin_academy, nicolae_gozag_zags_fifth_avenue, uniq_blork_the_orc
D:5:      portal_sewer_entry_c
D:6:      lemuel_zombie_altar_kikubaaqudgha, serial_shops,
          nicolae_shop_behind_doors
D:7:      serial_shops, shop, grunt_livestock, hangedman_decor_clover_reticule,
          fedhas_altar_3, uniq_menkaure, uniq_pikel
D:8:      erik_cavepeople, jmf_multi_god_temple, uniq_erica
Temple:   compressed_dpeg_circular_temple
Sewer:    sewer_frog_island_01

Skill      XL: |  1  2  3  4  5  6  7  8 |
---------------+-------------------------+-----
Short Blades   | 2 3 4 5 6 7 8 |  8.2
Fighting       | 3 4 |  4.0
Invocations    | 1 2 |  2.2
Shields        | 3 |  3.1
Armour         | |  2.4

Action                   |  1- 3 |  4- 6 |  7- 9 || total
-------------------------+-------+-------+-------++-------
Melee: Rapier            |    31 |   124 |    89 ||   244
       Bite              |     8 |    23 |    36 ||    67
Invok: Line Pass         |       |       |     2 ||     2
       Stomp             |       |       |     1 ||     1
Evoke: Wand              |       |       |     1 ||     1
  Use: Potion            |       |     1 |     1 ||     2
       Scroll            |       |     4 |     4 ||     8
 Stab: Paralysed         |       |     2 |     4 ||     6
  Eat: Chunk             |       |     1 |     2 ||     3
Armor: Scale mail        |    20 |    49 |     3 ||    72
       Ring mail         |       |       |    17 ||    17
Dodge: Dodged            |     4 |    31 |    21 ||    56
Block: Shield            |    13 |    40 |    32 ||    85
